 Dungeon Crawl Stone Soup version 0.17.0-7-gfadd4cc (webtiles) character file.

109151 dorian the Severer (level 16, -16/120 HPs)
             Began as a Demonspawn Abyssal Knight on Nov 7, 2015.
             Was the Champion of Lugonu.
             Killed from afar by Aizul (30 damage)
             ... with a bolt of poison
             ... on level 1 of the Depths on Nov 8, 2015.
             The game lasted 01:19:49 (30851 turns).

dorian the Severer (Demonspawn Abyssal Knight)     Turns: 30851, Time: 01:19:49

Health: -16/120    AC: 43    Str: 21      XL:     16   Next: 4%
Magic:  2/17       EV:  9    Int: 10 (12) God:    Lugonu [******]
Gold:   2032       SH:  7    Dex:  9      Spells: 0 memorised, 15 levels left

rFire  + + .     SeeInvis +     z - +1 war axe (chop)
rCold  + . .     Clarity  +     s - +8 plate armour "Roipny" {SInv}
rNeg   + . .     SustAt   .     A - +2 buckler {AC+3}
rPois  .         Gourm    .     (helmet unavailable)
rElec  +         Spirit   .     (no cloak)
rCorr  .         Warding  .     J - +1 pair of gloves
rMut   .         Stasis   .     h - +2 pair of boots of Bivuwn Yson {rElec rN+ MP-9 Stlth+}
MR     +....                    U - amulet of clarity
Stlth  ..........               D - ring "Qasuide" {+Blink rF++ rC+ Str+2 Int-3}
                                I - +3 ring of slaying

@: lethally poisoned (-16 -> -23), very slightly contaminated, studying Dodging,
somewhat resistant to hostile enchantments, extremely unstealthy
A: antennae 3, rough black scales 3, powered by death 1, spiny 2
a: Depart the Abyss, Bend Space, Banish, Corrupt, Enter the Abyss, Brand Weapon
With Distortion, Renounce Religion, Evoke Blink


You were on level 1 of the Depths.
You worshipped Lugonu.
Lugonu was exalted by your worship.
You were very hungry.

You visited 4 branches of the dungeon, and saw 28 of its levels.
You visited the Abyss 1 time.
You also visited: Sewer.

You collected 2788 gold pieces.
You spent 756 gold pieces at shops.

Inventory:

Hand Weapons
 i - a +0 broad axe
 z - a +1 war axe of chopping (weapon)
 X - a +5 eveningstar
Armour
 a - a +1 chain mail of poison resistance
 h - the +2 pair of boots of Bivuwn Yson (worn) {rElec rN+ MP-9 Stlth+}
   (You acquired it on level 8 of the Lair of Beasts)

   It insulates you from electricity.
   It protects you from negative energy.
   It affects your magic capacity (-9).
   It makes you more stealthy.
 s - the +8 plate armour "Roipny" (worn) {SInv}
   (You bought it in a shop on level 4 of the Orcish Mines)

   It lets you see invisible.
 A - a +2 buckler of protection (worn)
 J - a +1 pair of gloves (worn)
 W - a +2 buckler of fire resistance
Jewellery
 y - an uncursed ring of sustain attributes
 D - the ring "Qasuide" (right hand) {+Blink rF++ rC+ Str+2 Int-3}
   (You found it on level 3 of the Lair of Beasts)

   [ring of protection from cold]

   It affects your strength (+2).
   It affects your intelligence (-3).
   It greatly protects you from fire.
   It protects you from cold.
   It lets you blink.
 I - a +3 ring of slaying (left hand)
 K - an uncursed ring of positive energy
 U - an amulet of clarity (around neck)
Wands
 g - a wand of digging (6)
 j - a wand of fire (4)
 m - a wand of teleportation (1)
 G - a wand of paralysis (7)
 Q - a wand of enslavement (2)
 R - a wand of hasting (8)
 T - a wand of invisibility (1)
Scrolls
 b - a scroll of enchant armour
 e - 5 scrolls of fog
 n - 8 scrolls of identify
 o - 7 scrolls of blinking
 r - 13 scrolls of remove curse
 F - 2 scrolls of teleportation
 L - 3 scrolls of fear
Potions
 d - 11 potions of curing
 l - a potion of resistance
 q - 8 potions of heal wounds
 E - 3 potions of might
Books
 p - a manual of Dodging
Miscellaneous
 t - a disc of storms
 M - a fan of gales
Comestibles
 c - 20 bread rations
 f - 28 fruits
 k - 20 meat rations
 u - a chunk of flesh
 v - a beef jerky
 x - 6 slices of pizza
 H - 11 royal jellies


   Skills:
 + Level 9.6 Fighting
 - Level 16.0 Axes
 + Level 13.8 Armour
 + Level 8.0 Dodging
 - Level 7.1 Shields
 + Level 14.6 Invocations


You had 15 spell levels left.
You didn't know any spells.

Dungeon Overview and Level Annotations

Branches:
Dungeon (15/15)            Temple (0/1) D:5            Lair (8/8) D:11
  Swamp (0/4) Lair:5        Snake (0/4) Lair:5        Slime (0/6) Lair:8
    Orc (4/4) D:11            Elf (0/3) Orc:3        Vaults (0/5) D:14
 Depths (1/5) D:15

Altars:
Ashenzari
Cheibriados
Elyvilon
Fedhas
Kikubaaqudgha
Makhleb
Okawaru
Ru
Sif Muna
Trog
Vehumet
Xom
Yredelemnul
The Shining One
Beogh

Shops:
Orc:3 ((   Orc:4 (:[*

Annotations:
D:14 exclusion: orange crystal statue
Lair:1 exclusion: oklob plant
Depths:1 Aizul, Wiglaf
Abyss:1 Frances, Sonja, Urug


Innate Abilities, Weirdness & Mutations

You have a pair of large antennae on your head (SInv).
You are completely covered in rough black scales (AC +10, Dex -3).
You regenerate a little health from kills.
You are mostly covered in sharp spines.


Message History

Drink which item? (? for menu, Esc to quit)
You feel much better.
Aizul says, "Sweet dreams!"
Aizul coils himself and waves his upper body at you.
You fall asleep.
Aizul casts a spell at you. The bolt of poison misses you.
Wiglaf hits you with a broad axe!!
You wake up.
* * * LOW HITPOINT WARNING * * *
Aizul coils himself and waves his upper body at you.
The bolt of poison hits you!
You are lethally poisoned!
Unknown command.
Unknown command.
Drink which item? (? for menu, Esc to quit)
You feel better. Aizul casts a spell at you. The bolt of poison hits you!
You are poisoned.
You die...

#. #....##..
#..#....#.###
.....ยง..g...#
#....####
###..(#.###
##......##
#......#....#
##.....#..S.##
#.....#.#g@.#
#.....##.###.#
....##.#....#####
..###..#..###...#
#....#.[#.....#..
.......).........
.....####.....#.
..... #.<.....#
(... #########


You could see Aizul and Wiglaf.

Vanquished Creatures
  Rupert (Lair:7)
  A tengu reaver (D:13)
  A storm dragon (shapeshifter) (D:15)
  Maud (D:14)
  A stone giant (D:15)
  An ettin (Orc:4)
  3 vault guards
  A great orb of eyes (shapeshifter) (D:15)
  5 hydras
  A catoblepas (D:15)
  2 centaur warriors
  4 tengu warriors
  An ogre mage (D:15)
  2 orc high priests (Orc:4)
  Nergalle (Orc:2)
  A giant orange brain (D:15)
  4 unseen horrors
  2 hill giants (D:15)
  6 orc knights
  A lindwurm (Lair:8)
  A harpy (D:15)
  2 manticores
  3 orc sorcerers (Orc:4)
  11 ugly things (D:15)
  A salamander (Lair:5)
  A griffon (Lair:7)
  4 cyclopes
  2 slime creatures (D:15)
  6 centaur zombies
  6 elephants (Lair:4)
  Maurice (D:11)
  A black mamba (Lair:8)
  Joseph (D:10)
  16 spiny frogs
  Psyche (D:8)
  A gargoyle (D:14)
  A spiny frog (shapeshifter) (D:15)
  13 komodo dragons
  8 trolls
  6 tengu conjurers
  5 polar bears (Lair:8)
  4 two-headed ogres
  A queen bee (Lair:4)
  A fire drake (Lair:5)
  8 blink frogs
  4 shadows
  4 wyverns
  4 redbacks (Lair:8)
  15 spriggans
  4 deep elf magi
  A centaur simulacrum (D:13)
  46 yaks
  19 humans (D:14)
  A basilisk (D:14)
  A mottled dragon (D:15)
  10 hippogriffs
  3 fire bats (Lair:5)
  4 wraiths
  22 wolves
  14 water moccasins
  4 wargs
  3 nagas (Lair:5)
  11 porcupines
  A wasp (shapeshifter) (D:15)
  4 black bears (Lair:8)
  6 wasps
  10 ice beasts
  A phantom (D:5)
  2 necrophages
  An eye of draining (D:13)
  7 sky beasts
  22 ogres
  28 orc warriors
  12 centaurs
  A big kobold (D:14)
  A boggart (shapeshifter) (D:15)
  19 crocodiles
  25 giant frogs
  A water moccasin zombie (D:6)
  2 wyvern skeletons
  2 scorpions
  36 killer bees
  An electric eel (Lair:5)
  16 wights
  A quasit (D:10)
  3 crimson imps
  A giant frog zombie (D:6)
  8 centaur skeletons
  20 orc priests
  11 jellies
  2 giant frog skeletons
  8 hounds
  37 orc wizards
  Terence (D:2)
  11 iguanas
  8 hell rats (Lair:3)
  14 worker ants
  7 sheep (Lair:7)
  2 hound skeletons
  A worker ant zombie (D:11)
  Robin (D:2)
  52 river rats
  10 adders
  4 gnolls (D:7)
  3 shadow imps
  5 oozes
  2 adder skeletons
  2 worms
  3 giant geckos
  176 orcs
  6 giant cockroaches
  19 goblins
  10 hobgoblins
  23 jackals
  19 kobolds
  2 quokkas
  4 ball pythons
  6 bats
  8 giant newts
  A quokka zombie (D:9)
  22 rats
  A butterfly (Lair:4)
  A fire vortex (D:15)
  8 plants
1036 creatures vanquished.

Vanquished Creatures (collateral kills)
  A killer bee (D:9)
  An adder (D:9)
2 creatures vanquished.

Vanquished Creatures (others)
  An orc warlord (Orc:4)
  A stone giant (Depths:1)
  A salamander stormcaller (D:15)
  An ice dragon (D:14)
  A hydra (D:12)
  2 tengu warriors (D:12)
  An orc high priest (Orc:4)
  A hill giant (D:14)
  A necromancer (D:14)
  A deep elf conjurer (D:10)
  2 cyclopes (D:11)
  2 yaktaurs (D:14)
  A kobold demonologist (D:14)
  A troll (D:12)
  3 two-headed ogres
  A wolf (Lair:8)
  A hungry ghost (D:10)
  A phantom (D:4)
  A centaur (D:10)
  3 ogres (D:9)
  2 bushes (D:11)
  2 fire vortices (D:15)
  3 fungi
  6 plants
40 creatures vanquished.

Grand Total: 1078 creatures vanquished

Notes
Turn   | Place    | Note
--------------------------------------------------------------
     0 | Abyss:1  | dorian the Demonspawn Abyssal Knight began the quest for the Orb.
     0 | Abyss:1  | Reached XP level 1. HP: 18/18 MP: 2/2
    18 | D:1      | Escaped the Abyss
   504 | D:1      | Gained mutation: You are partially covered in sharp spines. [demonic ancestry]
   504 | D:1      | Reached XP level 2. HP: 21/24 MP: 4/4
   702 | D:1      | Reached ** piety under Lugonu
  1092 | D:2      | Reached XP level 3. HP: 29/29 MP: 5/5
  1137 | D:2      | Noticed Terence
  1153 | D:2      | Killed Terence
  1153 | D:2      | Reached skill level 4 in Invocations
  1666 | D:2      | Noticed Robin
  1678 | D:2      | Gained mutation: You are partially covered in rough black scales (AC +4, Dex -1). [demonic ancestry]
  1678 | D:2      | Reached XP level 4. HP: 35/35 MP: 7/7
  1697 | D:2      | Killed Robin
  1803 | D:2      | Reached *** piety under Lugonu
  2508 | D:3      | Reached skill level 5 in Invocations
  2692 | D:4      | Gained mutation: You are mostly covered in sharp spines. [demonic ancestry]
  2692 | D:4      | Reached XP level 5. HP: 24/41 MP: 8/8
  2852 | D:4      | Noticed a phantom
  2855 | D:4      | Banished a phantom
  2980 | D:4      | Noticed an ogre
  2988 | D:4      | Killed an ogre
  2988 | D:4      | Reached skill level 6 in Invocations
  2988 | D:4      | Reached XP level 6. HP: 24/47 MP: 10/10
  3173 | D:4      | Noticed an ogre
  3184 | D:4      | Killed an ogre
  3769 | D:4      | Reached skill level 7 in Invocations
  3821 | D:5      | Entered Level 5 of the Dungeon
  3882 | D:5      | Found a staircase to the Ecumenical Temple.
  3932 | D:5      | Gained mutation: You have a pair of small antennae on your head. [demonic ancestry]
  3932 | D:5      | Reached XP level 7. HP: 52/52 MP: 12/12
  4141 | D:5      | Reached skill level 8 in Invocations
  4144 | D:5      | Reached **** piety under Lugonu
  4476 | D:5      | Found a burning altar of Makhleb.
  4479 | D:5      | Found a deep blue altar of Sif Muna.
  4483 | D:5      | Found a shimmering altar of Xom.
  4547 | D:5      | Reached skill level 9 in Invocations
  4547 | D:5      | Reached XP level 8. HP: 53/58 MP: 14/14
  4725 | D:6      | Reached skill level 5 in Axes
  4735 | D:6      | Found a glowing drain.
  4751 | Sewer    | Entered a sewer
  5634 | D:6      | Found an iron altar of Okawaru.
  5789 | D:7      | Reached skill level 10 in Invocations
  6338 | D:7      | Reached skill level 5 in Armour
  6631 | D:7      | Gained mutation: You are mostly covered in rough black scales (AC +7, Dex -2). [demonic ancestry]
  6631 | D:7      | Reached XP level 9. HP: 63/63 MP: 16/16
  6671 | D:7      | Found a snail-covered altar of Cheibriados.
  6671 | D:7      | Found a white marble altar of Elyvilon.
  6671 | D:7      | Found a glowing golden altar of the Shining One.
  6671 | D:7      | Found an ancient bone altar of Kikubaaqudgha.
  6692 | D:7      | Found a blossoming altar of Fedhas.
  6692 | D:7      | Found a basalt altar of Yredelemnul.
  6695 | D:7      | Reached ***** piety under Lugonu
  7486 | D:8      | Noticed Psyche
  7495 | D:8      | Killed Psyche
  8283 | D:9      | Reached XP level 10. HP: 42/70 MP: 17/17
  8797 | D:9      | Found a sacrificial altar of Ru.
  9059 | D:9      | Found a radiant altar of Vehumet.
  9111 | D:9      | Reached skill level 10 in Axes
  9159 | D:9      | Found a bloodstained altar of Trog.
  9495 | D:10     | Entered Level 10 of the Dungeon
  9564 | D:10     | Killed an unseen horror
  9728 | D:10     | Found a burning altar of Makhleb.
  9728 | D:10     | Noticed a balrug
  9757 | D:10     | Noticed Urug
  9762 | D:10     | Banished Urug
  9762 | D:10     | Reached skill level 11 in Axes
  9997 | D:10     | Noticed a deep elf conjurer
  9998 | D:10     | Banished a deep elf conjurer
 10021 | D:10     | Got a steaming iron ring
 10023 | D:10     | Identified the ring "Wufuf" {+/*Tele rN+ Str+5 Stlth-} (You found it on level 10 of the Dungeon)
 10303 | D:10     | Noticed Joseph
 10316 | D:10     | Killed Joseph
 10316 | D:10     | Reached XP level 11. HP: 69/75 MP: 18/18
 10754 | D:11     | Found a staircase to the Orcish Mines.
 11212 | D:11     | Found a staircase to the Lair.
 11258 | D:11     | Reached skill level 12 in Axes
 11607 | D:11     | Noticed Maurice
 11620 | D:11     | Killed Maurice
 12182 | D:12     | Noticed a seven-headed hydra
 12185 | D:12     | Banished a seven-headed hydra
 12394 | D:12     | Noticed a tengu warrior
 12394 | D:12     | Noticed a tengu warrior
 12395 | D:12     | Banished a tengu warrior
 12396 | D:12     | Banished a tengu warrior
 12428 | D:12     | Reached skill level 13 in Axes
 12612 | D:12     | Found a radiant altar of Vehumet.
 12637 | D:12     | Got a dazzling leather armour
 12639 | D:12     | Identified the +1 leather armour of the Solstice {MR- Str+7} (You found it on level 12 of the Dungeon)
 13407 | D:12     | Gained mutation: You are completely covered in rough black scales (AC +10, Dex -3). [demonic ancestry]
 13407 | D:12     | Reached XP level 12. HP: 71/81 MP: 19/19
 13468 | D:13     | Reached skill level 10 in Armour
 13539 | D:13     | Noticed a centaur warrior
 13546 | D:13     | Killed a centaur warrior
 13678 | D:13     | Noticed a tengu reaver
 13715 | D:13     | Killed a tengu reaver
 13715 | D:13     | Reached skill level 14 in Axes
 15265 | D:14     | Reached skill level 1 in Shields
 15569 | D:14     | Reached skill level 15 in Axes
 15824 | D:14     | Gained mutation: You have a pair of antennae on your head. [demonic ancestry]
 15824 | D:14     | Reached XP level 13. HP: 65/86 MP: 20/20
 15980 | D:14     | Noticed a vault guard
 15988 | D:14     | Noticed a vault guard
 15990 | D:14     | Noticed a vault guard
 16249 | D:13     | Killed a vault guard
 16662 | D:14     | Killed a vault guard
 16681 | D:14     | Found a gate to the Vaults.
 16706 | D:14     | Got a slimy trident
 16707 | D:14     | Identified the +6 trident of the Rattle-Snake {vamp, Dex+4} (You found it on level 14 of the Dungeon)
 16762 | D:14     | Noticed Frances
 16779 | D:14     | Banished Frances
 17369 | D:14     | Noticed Maud
 17385 | D:14     | Killed Maud
 17935 | D:14     | Noticed an ice dragon
 17937 | D:14     | Banished an ice dragon
 18327 | Lair:1   | Entered Level 1 of the Lair of Beasts
 18377 | Lair:1   | Found a blossoming altar of Fedhas.
 18755 | Lair:1   | Found a dark tunnel.
 19332 | Lair:2   | Reached skill level 16 in Axes
 21014 | Lair:3   | Got a warped lapis lazuli ring
 21481 | Lair:4   | Gained mutation: You regenerate a little health from kills. [demonic ancestry]
 21481 | Lair:4   | Reached XP level 14. HP: 88/96 MP: 22/22
 21561 | Lair:4   | Reached skill level 5 in Shields
 21622 | Lair:4   | Reached ****** piety under Lugonu
 21781 | Lair:4   | Reached skill level 5 in Fighting
 21891 | Lair:4   | Got a faintly glowing arbalest
 22218 | Lair:5   | Found a staircase to the Swamp.
 22242 | Lair:5   | Found a staircase to the Snake Pit.
 24131 | Lair:7   | Noticed Rupert
 24161 | Lair:7   | Killed Rupert
 24286 | Lair:8   | Entered Level 8 of the Lair of Beasts
 24498 | Lair:7   | Identified the ring "Qasuide" {+Blink rF++ rC+ Str+2 Int-3} (You found it on level 3 of the Lair of Beasts)
 24506 | Lair:7   | Identified the +3 arbalest of the Apocalypse {flame, Int+4 Stlth+} (You found it on level 4 of the Lair of Beasts)
 24512 | Lair:7   | Identified a scroll of acquirement
 25214 | Lair:8   | Found a staircase to the Slime Pits.
 25242 | Lair:8   | Got a pair of slimy boots
 25253 | Lair:8   | Identified the +2 pair of boots of Bivuwn Yson {rElec rN+ MP-9 Stlth+} (You acquired it on level 8 of the Lair of Beasts)
 25448 | Lair:8   | Reached skill level 1 in Dodging
 25484 | Lair:8   | Gained mutation: You have a pair of large antennae on your head (SInv). [demonic ancestry]
 25484 | Lair:8   | Reached XP level 15. HP: 108/108 MP: 15/24
 25578 | Lair:8   | Got an ancient rapier
 25580 | Lair:8   | Identified the cursed +0 rapier "Nowelergh" {antimagic, +Fly Int+4} (You found it on level 8 of the Lair of Beasts)
 26651 | Orc:1    | Entered Level 1 of the Orcish Mines
 26889 | Orc:2    | Noticed Nergalle
 26908 | Orc:2    | Killed Nergalle
 27599 | Orc:4    | Entered Level 4 of the Orcish Mines
 27815 | Orc:3    | Found a roughly hewn altar of Beogh.
 28103 | Orc:3    | Found Didd's Weapon Shoppe.
 28130 | Orc:3    | Found a staircase to the Elven Halls.
 28133 | Orc:3    | Found Moeny's Weapon Boutique.
 28396 | Orc:4    | Found a radiant altar of Vehumet.
 28757 | Orc:4    | Reached skill level 5 in Dodging
 28858 | Orc:4    | Paralysed by an orc sorcerer for 2 turns
 28962 | Orc:4    | Found Big Lant's General Store.
 28963 | Orc:4    | Found Jeumaett's Book Shop.
 29016 | Orc:4    | Found Tiwker's Antique Armour Shop.
 29016 | Orc:4    | Found Zuugacej's Antique Weapon Boutique.
 29035 | Orc:4    | Bought a shimmering plate armour for 756 gold pieces
 29035 | Orc:4    | Identified the +8 plate armour "Roipny" {SInv} (You bought it in a shop on level 4 of the Orcish Mines)
 29138 | Orc:4    | Upgraded the game from 0.17.0-1-g61d176b to 0.17.0-7-gfadd4cc
 29349 | D:15     | Entered Level 15 of the Dungeon
 29380 | D:15     | Killed a vault guard
 29668 | D:15     | Noticed Sonja
 29669 | D:15     | Banished Sonja
 29974 | D:15     | Noticed a storm dragon
 29995 | D:15     | Killed a storm dragon
 30186 | D:15     | Found a shattered altar of Ashenzari.
 30578 | D:15     | Found a staircase to the Depths.
 30772 | D:15     | Reached XP level 16. HP: 116/120 MP: 17/26
 30811 | Depths:1 | Entered Level 1 of the Depths
 30832 | Depths:1 | Noticed Aizul
 30834 | Depths:1 | Noticed Wiglaf
 30843 | Depths:1 | HP: 6/120 [Wiglaf/broad axe (42)]
 30851 | Depths:1 | Killed from afar by Aizul

Action                   |  1- 3 |  4- 6 |  7- 9 | 10-12 | 13-15 | 16-18 || total
-------------------------+-------+-------+-------+-------+-------+-------++-------
Melee: Hand axe          |   110 |    99 |   224 |       |       |       ||   433
       Battleaxe         |       |       |    95 |   228 |       |       ||   323
       War axe           |       |       |       |   381 |  1744 |    15 ||  2140
       Eveningstar       |       |       |       |       |    45 |       ||    45
Invok: Banish            |       |     1 |     2 |    21 |    13 |     4 ||    41
Evoke: Fan of gales      |       |       |       |     1 |       |       ||     1
  Use: Scroll            |       |     4 |       |    21 |    15 |     1 ||    41
       Potion            |       |       |       |     3 |     5 |     3 ||    11
  Eat: Chunk             |     2 |     8 |    15 |    22 |    36 |     1 ||    84
       Beef jerky        |       |       |       |     2 |     4 |       ||     6
       Bread ration      |       |       |       |     1 |       |       ||     1
       Royal jelly       |       |       |       |     1 |       |       ||     1
       Fruit             |       |       |       |       |     4 |       ||     4
       Meat ration       |       |       |       |       |     1 |       ||     1
       Pizza             |       |       |       |       |     1 |       ||     1
